 Dungeon Crawl Stone Soup version 0.30-b1-2-g02819fbbbe (webtiles) character file.

Game seed: 4433897213935042957

427 Arcadio the Ducker (level 7, -11/50 HPs)
             Began as a Djinni Fire Elementalist on May 16, 2023.
             Was a Priest of Nemelex Xobeh.
             Mangled by diceflayer's ghost (14 damage)
             ... on level 4 of the Dungeon.
             The game lasted 00:07:09 (3183 turns).

Arcadio the Ducker (Djinni Fire Elementalist)       Turns: 3183, Time: 00:07:10

Health: -11/50     AC:  2    Str:  7    XL:     7   Next: 18%
Gold:   263        EV: 13    Int: 19    God:    Nemelex Xobeh [***...] SH:  0 Dex: 13

rFire   + + +        d - +0 short sword
rCold   x . .        (no shield)
rNeg    . . .        a - +0 robe
rPois   ∞            (no helmet)
rElec   .            (no cloak)
rCorr   .            (no gloves)
SInv    .            (boots unavailable)
Will    +....        (no amulet)
Stlth   ++           g - ring of protection from fire
HPRegen 0.28/turn    s - ring of willpower
MPRegen 0.00/turn

%: infuse magic (-12 HP)
@: flying, very slightly contaminated
A: sickness immunity, fire resistance 2, cold vulnerability 1, float, innate
caster, HP casting, extra vitality 1
a: Renounce Religion, Draw Escape, Draw Destruction, Draw Summoning, Triple Draw


You were on level 4 of the Dungeon.
You worshipped Nemelex Xobeh.
Nemelex Xobeh was most pleased with you.
You visited 1 branch of the dungeon, and saw 4 of its levels.

You collected 263 gold pieces.

Inventory:

Hand Weapons
 d - a +0 short sword (weapon)
 y - a +4 short sword
Armour
 a - a +0 robe (worn)
Jewellery
 g - a ring of protection from fire (left hand)
 s - a ring of willpower (right hand)
Wands
 m - a wand of roots (9)
Scrolls
 b - 6 scrolls of teleportation {unknown}
 e - a scroll of acquirement {unknown}
 j - a scroll of enchant weapon {unknown}
 k - a scroll of fear {unknown}
 l - 2 scrolls of enchant armour {unknown}
 n - 5 scrolls of identify {unknown}
 o - 2 scrolls of fog {unknown}
 r - a scroll of vulnerability {unknown}
 w - a scroll of silence {unknown}
 x - 2 scrolls of poison {unknown}
Potions
 c - 2 potions of cancellation {unknown}
 f - 2 potions of curing {unknown}
 h - a potion of heal wounds {unknown}
 i - 2 potions of haste {unknown}
 p - 2 potions of brilliance {unknown}
 q - a potion of flight {unknown}
 t - 2 potions of degeneration {unknown}
 u - a potion of magic {unknown}
 v - 2 potions of might {unknown}


   Skills:
 + Level 3.5 Fighting
 + Level 4.9 Dodging
 - Level 1.5 Stealth
 + Level 3.9 Spellcasting


You knew the following spells:

 Your Spells              Type           Power      Damage    Failure   Level
a - Foxfire               Conj/Fire      72%        2x1d7     2%          1
b - Scorch                Fire           36%        2d7       4%          2
c - Volatile Blastmotes   Fire/Tloc      36%        2d13      9%          3
d - Inner Flame           Hex/Fire       18%        N/A       9%          3
e - Flame Wave            Conj/Fire      18%        2d7       26%         4
f - Apportation           Tloc           36%        N/A       2%          1
g - Call Imp              Summ           36%        N/A       4%          2
h - Ozocubu's Armour      Ice            18%        N/A       9%          3
Your spell library was empty.

Dungeon Overview and Level Annotations

Branches:
Dungeon (4/15) Zot: 20816
 Temple: D:4-7

Altars:
Makhleb
Nemelex Xobeh
Uskayaw

Shops:
D:2 !   D:4 :

Annotations:
D:4 diceflayer's ghost, novice DsHu


Innate Abilities, Weirdness & Mutations

You are immune to sickness and miasma.
You are immune to poison.
Your flesh is very heat resistant. (rF++)
You are vulnerable to cold. (rC-)
You float through the air rather than walking.
You learn spells naturally, not from books.
Your magical power is your life essence.
You have superior vitality. (+4 MHP)


Message History

Confirm with . or Enter, or press ? or * to list all spells.
Flames lash diceflayer's ghost.
Diceflayer's ghost is moderately damaged.
Diceflayer's ghost hits you but does no damage.
Casting: Scorch (safe; 4% risk of failure)
Confirm with . or Enter, or press ? or * to list all spells.
Flames lash diceflayer's ghost.
Diceflayer's ghost is moderately damaged.
Diceflayer's ghost barely misses you.
Casting: Scorch (safe; 4% risk of failure)
Confirm with . or Enter, or press ? or * to list all spells.
Flames lash diceflayer's ghost.
Diceflayer's ghost is moderately damaged.
Diceflayer's ghost hits you!
Casting: Scorch (safe; 4% risk of failure)
Confirm with . or Enter, or press ? or * to list all spells.
Flames lash diceflayer's ghost but do no damage.
Diceflayer's ghost hits you!
Okay, then.
Okay, then.
You draw a card...
You have drawn the Tomb.
Walls emerge from the floor!
Diceflayer's ghost hits you!
* * * LOW HITPOINT WARNING * * *
You draw a card...
You have drawn the Cloud.
Clouds appear around you! Diceflayer's ghost hits you.
* * * LOW HITPOINT WARNING * * *
Casting: Scorch (safe; 4% risk of failure)
Confirm with . or Enter, or press ? or * to list all spells.
You miscast Call Imp.
You are very lightly contaminated with residual magic.
Nothing appears to happen.
* * * LOW HITPOINT WARNING * * *
Diceflayer's ghost hits you but does no damage.
You draw a card...
You have drawn Velocity.
Diceflayer's ghost seems to slow down.
You draw a card...
You have drawn the Cloud.
Clouds appear around you!
Diceflayer's ghost says very slowly, "There's no hope."
Diceflayer's ghost hits you!
You die...
Your body glows slightly and disappears.

........##.........###...........
..<..#..#........<...#..#.#......
....##..#.....##..#.....###..####
....##....#...##..##...####.###..
..........##..#..##.....##..##...
...........##........#..#####....
>................#...#..####.....
............##.#########.##......
...........###.#@#§§...#.#.......
...........###.##W§§~§)###.......
............###..#§§...###......§
........#...# ##########.'......≈
........##### ##.........'......≈
........# ##...#..#####......≈
.......## #....##..# #.......
......## ##.......## #.......
.#...## #<.##.#..# ##......


You could see diceflayer's ghost (slow, combustible).

Vanquished Creatures
  A kobold brigand (D:4)
  A scorpion (D:4)
  A necrophage (D:4)
  An iguana (D:4)
  An orc wizard (D:4)
  A hound skeleton (D:4)
  4 gnolls
  6 adders
  3 worms (D:4)
  4 orcs (D:4)
  7 endoplasms
  2 giant cockroaches (D:1)
  6 goblins
  6 hobgoblins
  3 jackals (D:1)
  5 quokkas
  6 ball pythons
  3 bats
  4 frilled lizards
  6 kobolds
  5 rats
  A spectral hobgoblin (D:1)
77 creatures vanquished.

Vanquished Creatures (others)
  204 foxfires
204 creatures vanquished.

Grand Total: 281 creatures vanquished

Notes
Turn   | Place    | Note
-------+----------+-------------------------------------------
     0 | D:1      | Arcadio the Djinni Fire Elementalist began the quest for
                  | the Orb.
     0 | D:1      | Arcadio set off with the following spells memorised:
                  | Foxfire, Scorch, Volatile Blastmotes, Inner Flame, Flame
                  | Wave.
     0 | D:1      | Reached XP level 1. HP: 15/15 MP: 0/0
   108 | D:1      | Reached XP level 2. HP: 17/21 MP: 0/0
   528 | D:1      | Found a faded altar of an unknown god.
   543 | D:1      | Prayed at the altar of an unknown god.
   543 | D:1      | Became a worshipper of Nemelex Xobeh the Trickster
   543 | D:1      | Reached * piety under Nemelex Xobeh
   575 | D:1      | Reached XP level 3. HP: 19/26 MP: 0/0
   575 | D:1      | Learned a level 1 spell: Apportation
   775 | D:2      | Found Seics's Distillery.
   814 | D:2      | Reached skill level 1 in Fighting
   814 | D:2      | Reached skill level 3 in Dodging
   868 | D:2      | Received a gift from Nemelex Xobeh
  1132 | D:2      | Reached XP level 4. HP: 31/32 MP: 0/0
  1214 | D:3      | Identified the orb "Yxenulig" {mayhem, Int+2}
  1592 | D:3      | Found a hide-covered altar of Uskayaw.
  1638 | D:3      | Reached ** piety under Nemelex Xobeh
  2125 | D:3      | Reached XP level 5. HP: 38/38 MP: 0/0
  2125 | D:3      | Learned a level 2 spell: Call Imp
  2439 | D:4      | Found Iceif's Tiny Tomes.
  2470 | D:4      | Reached skill level 4 in Dodging
  2619 | D:4      | Reached XP level 6. HP: 44/45 MP: 0/0
  2819 | D:4      | Received a gift from Nemelex Xobeh
  2895 | D:4      | Found a runed translucent door.
  2949 | D:4      | Reached *** piety under Nemelex Xobeh
  3018 | D:4      | Found a burning altar of Makhleb.
  3023 | D:4      | Reached XP level 7. HP: 43/50 MP: 0/0
  3023 | D:4      | Learned a level 3 spell: Ozocubu's Armour
  3170 | D:4      | Noticed diceflayer's ghost (novice DsHu)
  3183 | D:4      | Mangled by diceflayer's ghost

Illustrated notes

Levels and vault maps discovered:
D:1:      tarquinn_simple_flora_water_a, layout_loops_ring,
          dreamdust_ecumenical_altar_drowned_temple
D:2:      layout_rooms, serial_shops, nicolae_shop_hallway_stairs,
          kennysheep_nondescript
D:3:      layout_loops_corners, old_standard_altar, minmay_unequal
D:4:      layout_cave_pools, makhleb_blood_cavern_becter,
          ebering_ghost_reflecting_pool, nicolae_shop_i_like_small_books_too,
          st_stairs_7, kennysheep_big_empty_room, minmay_crystal_water,
          guppyfry_early_lair_pool

Skill      XL: |  1  2  3  4  5  6 |
---------------+-------------------+-----
Fighting       | 1 2 3 |  3.5
Dodging        | 3 4 |  4.9
Spellcasting   | 3 |  3.9
Stealth        | |  1.5

Action                     |  1- 3 |  4- 6 |  7- 9 || total
---------------------------+-------+-------+-------++-------
  Melee: Short sword       |    18 |     3 |       ||    21
   Cast: Foxfire           |    61 |    63 |       ||   124
         Scorch            |       |    16 |     7 ||    23
 Invoke: Draw Escape       |       |       |     4 ||     4
 Armour: Robe              |    10 |     2 |     2 ||    14
  Dodge: Dodged            |    39 |    37 |     1 ||    77
